 Dungeon Crawl Stone Soup version 0.29.1-12-g30fa7ad0bf (webtiles) character file.

Game seed: 6242655254940637305

1624 hawla the Arsonist (level 9, -1/63 HPs)
             Began as a Meteoran Fire Elementalist on Jan 9, 2023.
             Slain by a hornet (13 damage)
             ... on level 6 of the Dungeon.
             The game lasted 00:11:49 (2967 turns).

hawla the Arsonist (Meteoran Fire Elementalist)     Turns: 2967, Time: 00:11:50

Health: -1/63      AC:  6    Str: 10    XL:     9   Next: 40%
Magic:  14/21      EV: 13    Int: 22    God:
Gold:   60         SH:  0    Dex: 14    Spells: 16/23 levels left

rFire   . . .      SeeInvis .   (no weapon)
rCold   + . .      Faith    .   (no shield)
rNeg    . . .      Spirit   .   p - +3 robe of Ufat {rC+}
rPois   .          Reflect  .   (no helmet)
rElec   .          Harm     .   (no cloak)
rCorr   .          Rampage  .   l - +0 pair of gloves
Will    +....                   (no boots)
Stlth   +.........              (no amulet)
HPRegen 0.20/turn               (no ring)
MPRegen 0.17/turn               (no ring)

@: about to teleport, slowed, glowing, very slow
A: sense surroundings 2, otherworldly, glowing, explore regen
a: no special abilities


You were on level 6 of the Dungeon.
You visited 2 branches of the dungeon, and saw 8 of its levels.
You also visited: Sewer.

You collected 195 gold pieces.
You spent 135 gold pieces at shops.

Inventory:

Armour
 l - a +0 pair of gloves (worn)
 p - the +3 robe of Ufat (worn) {rC+}
   (You found it on level 6 of the Dungeon)

   rC:        It protects you from cold.
Wands
 n - a wand of flame (8) (quivered)
 q - a wand of iceblast (3)
Scrolls
 a - a scroll of immolation {unknown}
 c - a scroll of identify
 o - a scroll of vulnerability {unknown}
Potions
 b - a potion of heal wounds {unknown}
 d - 3 potions of curing
 e - a potion of cancellation {unknown}
 f - a potion of might {unknown}
 g - a potion of invisibility {unknown}
 h - a potion of resistance
 i - a potion of haste {unknown}
 k - a potion of attraction {unknown}
 m - a potion of brilliance {unknown}


   Skills:
 - Level 0.5 Fighting
 - Level 3.5 Dodging
 - Level 1.4 Stealth
 - Level 7.5 Spellcasting
 - Level 7.5 Conjurations
 - Level 8.5 Fire Magic


You had 16 spell levels left.
You knew the following spells:

 Your Spells              Type           Power      Damage    Failure   Level
a - Foxfire               Conj/Fire      100%       2x1d9     1%          1
b - Scorch                Fire           90%        2d10      1%          2
c - Flame Wave            Conj/Fire      43%        2d11      2%          4

Your spell library contained the following spells:

 Spells                   Type           Power      Damage    Failure   Level
 Conjure Flame            Conj/Fire      43%        6-21      1%          3
 Inner Flame              Hex/Fire       27%        N/A       4%          3


Dungeon Overview and Level Annotations

Branches:
Dungeon (7/15) Zot: 1628   Temple (1/1) D:4 Zot: 460   Sewer (visited)

Altars:
Cheibriados
Dithmenos
Elyvilon
Fedhas
Gozag
Kikubaaqudgha
Makhleb
Nemelex Xobeh
Okawaru
Sif Muna
Uskayaw
Wu Jian
Xom
Zin

Shops:
D:4 :   D:6 *


Innate Abilities, Weirdness & Mutations

You passively map the area around you.
You are easily found by Zot.
You glow in the dark.
You regain HP and MP as you explore.


Message History

Press: ? - help, Dir - look around, f - activate A wave of flame ripples out!
The flame wave engulfs the hornet but does no damage.
The hornet is lightly wounded. (Press . to intensify the flame waves.)
You hear an angry hiss.
You hear a shout!
The hornet stings you but does no damage.
The hornet stings you!
You feel yourself slow down.
A wave of flame ripples out!
The flame wave engulfs the hornet!
The hornet is burned terribly!
The hornet is moderately wounded.
The hornet stings you!
You feel as though you will be slow longer.
The hornet stings you!
You are poisoned.
You suddenly lose the ability to move!
You can move again.
You feel very sick.
The hornet is no longer more vulnerable to fire.
The hornet misses you. The hornet stings you!
You feel as though you will be slow longer.
A sky beast comes into view.
You feel sick. The hornet barely misses you. x2
You climb upwards.
You feel sick.
There is a stone staircase leading down here.
Casting: Flame Wave (dangerous; 2% risk of failure)
Confirm with . or Enter, or press ? or * to list all spells.
Flames lash the hornet.
The hornet is heavily wounded.
The hornet's fire resistance burns away.
You feel sick.
You are no longer poisoned.
The hornet stings you but does no damage.
The hornet barely misses you.
As you read the scroll of teleportation, it crumbles to dust.
You feel strangely unstable. The hornet stings you!
* * * LOW HITPOINT WARNING * * *
You feel as though you will be slow longer.
The hornet stings you!
You die...

#.......# #.......# #...[...#
# #.......# # #######
#......<# # #.....# #.......#
###### #.....# #.......#
.....###.....########.......#
.....'.'.....'.y@...+.......#
.....###.....###.####.......#
###### #.....# #.......#'####
# #.....###..####.#.# #
#..........#..#.#.# #
#..........#..#.#.#
#####......#..#.#.########
##########
#......#....#........#
#......).#
#......#.###########.#


You could see a hornet (combustible).

Vanquished Creatures
  A two-headed ogre (D:6)
  2 orc warriors
  A black bear (D:4)
  A phantom (D:6)
  A necrophage (D:6)
  2 bullfrogs (Sewer)
  A jelly (D:5)
  2 hounds
  2 orc priests (D:5)
  3 orc wizards
  2 iguanas (D:5)
  10 adders
  6 river rats (Sewer)
  A dart slug (D:5)
  5 orcs
  An endoplasm (D:4)
  6 giant cockroaches (D:3)
  A goblin (D:4)
  2 hobgoblins
  2 quokkas
  20 ball pythons
  A bat (D:3)
  2 frilled lizards (Sewer)
  4 kobolds
  19 rats
98 creatures vanquished.

Vanquished Creatures (others)
  175 foxfires
175 creatures vanquished.

Grand Total: 273 creatures vanquished

Notes
Turn   | Place    | Note
-------+----------+-------------------------------------------
     0 | D:1      | hawla the Meteoran Fire Elementalist began the quest for
                  | the Orb.
     0 | D:1      | Reached XP level 1. HP: 14/14 MP: 5/5
   149 | D:3      | Reached XP level 2. HP: 20/20 MP: 4/6
   152 | D:3      | Learned a level 2 spell: Scorch
   182 | D:3      | Reached skill level 4 in Fire Magic
   195 | D:3      | Found a glowing drain.
   207 | Sewer    | Entered a sewer
   295 | Sewer    | Reached XP level 3. HP: 20/26 MP: 0/8
   346 | Sewer    | Reached XP level 4. HP: 28/33 MP: 2/9
   352 | Sewer    | Reached skill level 5 in Fire Magic
   416 | Sewer    | Reached XP level 5. HP: 38/38 MP: 8/11
   478 | Sewer    | Noticed a bullfrog
   478 | Sewer    | Noticed a bullfrog
   482 | Sewer    | Killed a bullfrog
   483 | Sewer    | Reached XP level 6. HP: 33/45 MP: 3/13
   484 | Sewer    | Reached skill level 6 in Fire Magic
   762 | D:4      | Reached XP level 7. HP: 50/50 MP: 13/15
   844 | D:4      | Found Tadudu's Book Shoppe.
   894 | D:4      | Found a shimmering blue altar of Sif Muna.
   922 | D:4      | Learned a level 4 spell: Flame Wave
  1195 | D:4      | Found a staircase to the Ecumenical Temple.
  1290 | Temple   | Entered the Ecumenical Temple
  1576 | D:5      | Entered Level 5 of the Dungeon
  1576 | D:5      | Found a shadowy altar of Dithmenos.
  1740 | D:5      | Reached skill level 5 in Conjurations
  2289 | D:5      | Reached XP level 8. HP: 44/57 MP: 8/16
  2314 | D:5      | Reached skill level 5 in Spellcasting
  2601 | D:6      | Noticed a two-headed ogre
  2607 | D:6      | Killed a two-headed ogre
  2608 | D:6      | Reached skill level 8 in Fire Magic
  2608 | D:6      | Gained mutation: You passively map the area around you.
                  | [Meteoran growth]
  2608 | D:6      | Reached XP level 9. HP: 63/63 MP: 7/20
  2872 | D:6      | Found Kuaniurr's Assorted Antiques.
  2879 | D:6      | Identified the +3 robe of Ufat {rC+}
  2895 | D:6      | Bought a scroll labelled MUMUIP ICOEPSIONOSS for 27 gold
                  | pieces
  2895 | D:6      | Bought a lead wand for 108 gold pieces
  2959 | D:7      | Noticed a hornet
  2962 | D:7      | Paralysed by a hornet for 1 turns
  2967 | D:6      | Slain by a hornet

Illustrated notes

Levels and vault maps discovered:
D:1:      ncdulo_watergridlock, layout_rooms, ebering_ecumenical_altar_ruins
D:2:      minmay_alternating_diamond, layout_loops_ring,
          guppyfry_early_lair_pool
D:3:      layout_loops_ring, gup_sewer_entry_bubbles, serial_co_window_serial,
          co_window_paths_a, co_window_of_opportunity_a, co_window_paths_b,
          co_window_paths_a, co_window_of_opportunity_a, co_window_corner_a,
          co_window_of_opportunity_a, co_window_paths_b, co_window_corner_a,
          co_window_broadway_c, co_window_unsneaky_path_b,
          co_window_unsneaky_path_b, co_window_of_opportunity_b, co_window_sun,
          co_window_paths_d, glass_columns_a, glass_columns_b, glass_columns_a,
          chequers_serial_rivers_small_b
D:4:      layout_layer_cave, lemuel_crystal_altar, minmay_temple_entry_ruins,
          serial_shops, nicolae_shop_crystal
D:5:      kennysheep_spiral_hall, layout_loops_corners,
          nicolae_dithmenos_through_a_glass_darkly
D:6:      layout_basic, serial_shops, shop
D:7:      layout_basic, small_statue_alley_b, uniq_joseph
Temple:   hellmonk_temple_forest_ring

Skill      XL: |  1  2  3  4  5  6  7  8 |
---------------+-------------------------+-----
Fire Magic     | 4 5 6 8 |  8.5
Spellcasting   | 3 4 7 |  7.5
Conjurations   | 2 6 7 |  7.5
Dodging        | 3 |  3.5
Fighting       | |  0.5
Stealth        | |  1.4

Action                   |  1- 3 |  4- 6 |  7- 9 || total
-------------------------+-------+-------+-------++-------
Melee: Unarmed           |     3 |       |     1 ||     4
 Cast: Foxfire           |    20 |    35 |    50 ||   105
       Scorch            |     6 |    11 |    24 ||    41
       Flame Wave        |       |       |     4 ||     4
  Use: Scroll            |     1 |       |     6 ||     7
       Potion            |       |     1 |     1 ||     2
Armor: Robe              |    10 |       |     4 ||    14
Dodge: Dodged            |    10 |    17 |    12 ||    39
